 Dungeon Crawl Stone Soup version 0.23.2-1-ga50397a (webtiles) character file.

Game seed: 16521218660387948666

91 MaxwellSilver the Bolt Thrower (level 4, -5/28 HPs)
             Began as a Tengu Arcane Marksman on May 22, 2019.
             Killed from afar by a white imp (8 damage)
             ... with a puff of frost
             ... summoned by Natasha
             ... on level 2 of the Dungeon.
             The game lasted 00:07:19 (1982 turns).

MaxwellSilver the Bolt Thrower (TeAM)               Turns: 1982, Time: 00:07:19

Health: -5/28      AC:  3    Str: 12    XL:     4   Next: 59%
Magic:  6/6        EV: 12    Int: 13    God:
Gold:   68         SH:  0    Dex: 14    Spells: 4/5 levels left

rFire    . . .     SeeInvis .   a - +1 hand crossbow
rCold    . . .     Gourm    .   (no shield)
rNeg     . . .     Faith    .   e - +0 robe
rPois    .         Spirit   .   (helmet restricted)
rElec    .         Reflect  .   m - +0 cloak
rCorr    .         Harm     .   (no gloves)
MR       .....                  (boots unavailable)
Stlth    +.........             (no amulet)
HPRegen  0.09/turn              (no ring)
MPRegen  0.10/turn              (no ring)

@: slowed, very slow
A: beak, talons 3
a: no special abilities


You were on level 2 of the Dungeon.
You were not hungry.

You visited 1 branch of the dungeon, and saw 2 of its levels.

You collected 68 gold pieces.

Inventory:

Hand Weapons
 a - a +1 hand crossbow (weapon)
 c - a +0 club
Missiles
 g - 79 stones
 h - 43 arrows
 j - 7 tomahawks of returning
 n - 3 javelins (quivered)
Armour
 e - a +0 robe (worn)
 m - a +0 cloak (worn)
Scrolls
 i - a scroll of identify
 k - a scroll of remove curse
 l - a scroll of amnesia {unknown}
Comestibles
 f - 3 rations


   Skills:
 * Level 3.1 Fighting
 + Level 3.8 Crossbows
 - Level 2.1 Dodging
 - Level 1.0 Spellcasting
 - Level 2.1 Hexes


You had 4 spell levels left.
You knew the following spells:

 Your Spells              Type           Power        Failure   Level  Hunger
a - Corona                Hex            #......      12%         1    ##.....

Your spell library contained the following spells:

 Spells                   Type           Power        Failure   Level  Hunger
 Slow                     Hex            #.......     17%         2    ###....
 Inner Flame              Hex/Fire       #.......     47%         3    ####...
 Portal Projectile        Hex/Tloc       #.....       47%         3    ####...
 Cause Fear               Hex            #.........   75%         4    #####..
 Leda's Liquefaction      Hex/Erth       #.........   87%         4    #####..


Dungeon Overview and Level Annotations

Branches:
Dungeon (2/15)

Altars:

Annotations:
D:2 Natasha


Innate Abilities, Weirdness & Mutations

You have a beak for a mouth.
You have claws for feet.


Message History

Natasha is almost dead.
Natasha stares at you and mumbles some strange words.
You resist with some effort.
The white imp laughs crazily.
The white imp hits you. The white imp freezes you.
* * * LOW HITPOINT WARNING * * *
Natasha extends her claws.
Natasha casts a spell at you. The magic dart hits you.
* * * LOW HITPOINT WARNING * * *
The white imp barely misses you.
Natasha stares at you and mumbles some strange words.
You resist with some effort.
Throwing (i - inventory. (/) - cycle)
n - 4 javelins (quivered)
Press: ? - help, Shift-Dir - straight line, f/p - Natasha
Aim: Natasha (almost dead)
You throw a javelin. The javelin closely misses Natasha.
The white imp gestures at you. The puff of frost hits you!
You die...

....# ... .. .... ##
.. #. #(.# .... #..
#..## .#. #.. #...#
.. #..#.#.# .####
##..#.#.#####....##.
#....((.((.h@.......
#.###(#....5.....#.#
### #.##...........#
... ##
##.##.........###
#.. # #..
#..###...###.## ..##
#...#.####.......#
...###
#......>...#....##
.....
#......#####..#.#
###..#.
#.......####....#
#....##


You could see Natasha and a white imp.

Vanquished Creatures
  Jessica (D:2)
  Natasha (D:2)
  An adder (D:2)
  A leopard gecko (D:1)
  A bat (D:1)
  4 giant cockroaches (D:1)
  4 goblins
  7 hobgoblins
  A ball python (D:1)
  4 frilled lizards (D:1)
  4 kobolds
  A rat (D:2)
30 creatures vanquished.

Notes
Turn   | Place    | Note
-------+----------+-------------------------------------------
     0 | D:1      | MaxwellSilver the Tengu Arcane Marksman began the quest for
                  | the Orb.
     0 | D:1      | Reached XP level 1. HP: 12/12 MP: 3/3
    77 | D:1      | Reached XP level 2. HP: 13/16 MP: 4/4
  1140 | D:2      | Noticed Jessica
  1151 | D:2      | Killed Jessica
  1151 | D:2      | Reached XP level 3. HP: 11/22 MP: 5/5
  1792 | D:2      | Reached XP level 4. HP: 26/27 MP: 6/6
  1825 | D:2      | Noticed Natasha
  1838 | D:2      | Killed Natasha
  1963 | D:2      | Noticed Natasha
  1982 | D:2      | Killed from afar by a white imp

Skill      XL: |  1  2  3  4 |
---------------+-------------+-----
Fighting       | 2 3 |  3.1
Crossbows      | 3 |  3.8
Dodging        | |  2.1
Spellcasting   | |  1.0
Hexes          | |  2.1

Action                   |  1- 3 |  4- 6 || total
-------------------------+-------+-------++-------
Melee: Club              |    42 |       ||    42
       Kick              |    10 |       ||    10
       Peck              |     4 |       ||     4
 Fire: Hand crossbow     |    32 |    16 ||    48
Throw: Javelin           |       |     3 ||     3
  Use: Potion            |     1 |     1 ||     2
       Scroll            |     4 |       ||     4
 Stab: Sleeping          |     2 |       ||     2
  Eat: Chunk             |     1 |     2 ||     3
Armor: Robe              |     8 |       ||     8
Dodge: Dodged            |    33 |     7 ||    40
